Map: Submarine LE

Players

Vanroyan - Winner!

  • Race: Zerg Zerg
  • League: Platinum
  • Spawn Location: 5:00

VOD

Have the link to the VOD?

Description

Time

  • Played on: Jan. 22, 2021, 7:46 p.m.
  • Length: 5:32
Show
View Real Time Build Order
Export as new Build Order

Vanroyan Zerg - Winner!

Build Orders:  

Get SALT Encoding   

  12  0:01  Drone  
  13  0:17  Overlord  
  13  0:26  Drone  
  14  0:59  Hatchery  
  13  1:04  Drone  
  14  1:10  Drone  
  14  1:16  Drone  
  16  1:22  Extractor  
  16  1:25  Drone  
  16  1:49  Spawning Pool  
  15  1:56  Drone  
  15  1:58  Drone  
  17  2:05  Drone  
  15  2:20  Drone  
  19  2:35  Drone  
  20  2:51  Overlord  
  20  2:58  Queen  
  22  3:11  Zergling x2  
  22  3:13  Zergling x4  
  22  3:14  Zergling x2  
  26  3:20  Zergling x2  
  26  3:29  Zergling x2  
  28  3:38  Queen  
  28  3:39  Zergling x2  
  31  3:44  Metabolic Boost  
  31  3:47  Zergling x2  
  32  3:52  Zergling x2  
  33  4:05  Zergling x4  
  35  4:14  Zergling x2  
  36  4:23  Overlord  
Tags
 
Add a new tag
Caveats
  • Supply blocks, unpowered buildings, or Contaminate may cause inaccurate times.
  • Supply counts are checked every 10 seconds.